 Dungeon Crawl Stone Soup version 0.26-a0-707-g31817bc (webtiles) character file.

Game seed: 11450263835473923366

224 Mopster the Chopper (level 5, 48/48 HPs)
             Began as a Minotaur Berserker on Oct 26, 2020.
             Was a Believer of Trog.
             Quit the game on level 4 of the Dungeon.
             The game lasted 00:06:11 (3423 turns).

Mopster the Chopper (Minotaur Berserker)            Turns: 3423, Time: 00:06:12

Health: 48/48      AC:  4    Str: 21    XL:     5   Next: 67%
Magic:  4/4        EV: 13    Int:  4    God:    Trog [**....]
Gold:   267        SH:  0    Dex: 11    Spells: 4/4 levels left

rFire    . . .     SeeInvis .   a - +0 hand axe
rCold    . . .     Faith    .   (no shield)
rNeg     . . .     Spirit   .   p - +1 leather armour
rPois    .         Reflect  .   (helmet restricted)
rElec    .         Harm     .   (no cloak)
rCorr    .         Rampage  .   (no gloves)
MR       .....                  (no boots)
Stlth    +.........             (no amulet)
HPRegen  0.16/turn              (no ring)
MPRegen  0.09/turn              (no ring)

@: no status effects
A: retaliatory headbutt, horns 2
a: Berserk, Trog's Hand, Renounce Religion


You were on level 4 of the Dungeon.
You worshipped Trog.
Trog was pleased with you.
You visited 1 branch of the dungeon, and saw 4 of its levels.
You also visited: Sewer.

You collected 267 gold pieces.

Inventory:

Hand Weapons
 a - a +0 hand axe (weapon)
Armour
 b - a +0 animal skin
 p - a +1 leather armour (worn)
Jewellery
 e - an uncursed ring of magical power {unknown}
 m - a cursed amulet of inaccuracy {unknown}
Scrolls
 c - a scroll of fog
 d - 2 scrolls of remove curse
 j - 2 scrolls of teleportation
 r - a scroll of blinking {unknown}
Potions
 f - a potion of haste {unknown}
 g - a potion of curing {unknown}
 h - a potion of degeneration {unknown}
 i - a potion of flight {unknown}
 k - a potion of ambrosia {unknown}
 n - a potion of berserk rage {unknown}
 o - a potion of cancellation {unknown}
 s - a potion of might {unknown}


   Skills:
 + Level 5.0 Fighting
 + Level 5.7 Axes
 + Level 2.9 Armour
 + Level 3.5 Dodging
 + Level 0.5 Stealth


You had 4 spell levels left.
You didn't know any spells.
Your spell library was empty.

Dungeon Overview and Level Annotations

Branches:
Dungeon (4/15)              Sewer (visited)
 Temple: D:4-7

Altars:
Elyvilon


Innate Abilities, Weirdness & Mutations

You reflexively headbutt those who attack you in melee.
You have a pair of horns on your head.


Message History

There is an open door here.
Found 13 bolts.
Done exploring.
(D) Dungeon
Where to? (Enter - D:3 @ (x,y), ? - help)
You open the door.
There is an open door here.
There is a stone staircase leading down here.
You climb downwards.
There is a stone staircase leading up here.
As you read the scroll labeled KIUSMETTOLL, it crumbles to dust.
The air around you briefly surges with heat, but it dissipates.
It was a scroll of immolation.
Unknown command.
As you read the scroll labeled JOUQ NOIFEZA, it crumbles to dust.
It is a scroll of enchant armour.
Your +0 leather armour glows green for a moment.
Quiver which item? (- for none, * to show all) (? for menu, Esc to quit)
Okay, then.
Are you sure you want to abandon this character and quit the game? (Confirm with "yes".) # ###.##### #@....... #########

There were no monsters in sight!

Vanquished Creatures
  Purgy (Sewer)
  4 adders
  2 dart slugs (D:1)
  3 worms
  6 leopard geckos
  An orc (D:3)
  9 bats
  10 giant cockroaches
  6 goblins
  7 hobgoblins
  9 jackals
  A ball python (D:2)
  A frilled lizard (D:1)
  2 kobolds (D:3)
  10 rats
72 creatures vanquished.

Notes
Turn   | Place    | Note
-------+----------+-------------------------------------------
     0 | D:1      | Mopster the Minotaur Berserker began the quest for the Orb.
     0 | D:1      | Reached XP level 1. HP: 19/19 MP: 0/0
    98 | D:1      | Reached XP level 2. HP: 27/27 MP: 1/1
  1014 | D:2      | Reached XP level 3. HP: 31/33 MP: 2/2
  1133 | D:2      | Found a white marble altar of Elyvilon.
  1150 | D:2      | Reached ** piety under Trog
  2252 | D:3      | Reached XP level 4. HP: 38/41 MP: 3/3
  2413 | D:3      | Reached skill level 5 in Axes
  2447 | D:3      | Found a glowing drain.
  2461 | Sewer    | Entered a sewer
  2609 | Sewer    | Noticed Purgy
  2619 | Sewer    | Killed Purgy
  2619 | Sewer    | Reached skill level 5 in Fighting
  2619 | Sewer    | Reached XP level 5. HP: 48/48 MP: 4/4
  3423 | D:4      | Quit the game

Illustrated notes

Levels and vault maps discovered:
D:1:      wander_arrival_peaceful_grave, layout_basic, serial_corexii_hall,
          corexii_hall_statues_i, chequers_hall_statues_corner_a
D:2:      layout_loops_cross, elyvilon_altar_5
D:3:      layout_loops_corners, gup_sewer_entry_pipe
D:4:      layout_basic, minmay_temple_entry_large_hall,
          nicolae_tso_carved_into_rock, uniq_menkaure, uniq_duvessa,
          uniq_grinder

Skill      XL: |  1  2  3  4 |
---------------+-------------+-----
Axes           | 4 5 |  5.7
Fighting       | 4 5 |  5.0
Dodging        | 3 |  3.5
Armour         | |  2.9
Stealth        | |  0.5

Action                   |  1- 3 |  4- 6 || total
-------------------------+-------+-------++-------
Melee: Hand axe          |   105 |    59 ||   164
       Headbutt          |    21 |     6 ||    27
Invok: Berserk           |       |     2 ||     2
  Use: Scroll            |     4 |     2 ||     6
 Stab: Sleeping          |     1 |       ||     1
Armor: Animal skin       |    19 |    12 ||    31
       Leather armour    |       |     1 ||     1
Dodge: Dodged            |    73 |    49 ||   122

Table legend: (Time is in decaauts)
 A = Elapsed time spent in this place.
 B = Non-inter-level travel time spent in this place.
 C = Inter-level travel time spent in this place.
 D = Time resting spent in this place.
 E = Time spent auto-exploring this place.
 F = Levels seen in this place.
 G = Mean time per level.
                   A        B        C        D        E       F      G
               +--------+--------+--------+--------+--------+-----+--------+
         Total |   3459 |   3095 |    364 |    447 |   2191 |   5 |  691.8 |
       Dungeon |   3154 |   2790 |    364 |    348 |   2081 |   4 |  788.5 |
         Sewer |    304 |    304 |      0 |     99 |    110 |   1 |  304.0 |
               +--------+--------+--------+--------+--------+-----+--------+

Top non-repeatable levels by time:
     D:3: 1109 daAuts
     D:2: 1042 daAuts
     D:1: 1000 daAuts
   Sewer: 304 daAuts
     D:4: 2 daAuts
